 Dungeon Crawl Stone Soup version 0.23-a0-767-gdc19b93d68 (webtiles) character file.

30 LLavrengius the Charlatan (level 3, -9/28 HPs)
             Began as a Gnoll Artificer on Jan 21, 2019.
             Shot with an arrow by a centaur (18 damage)
             ... on level 2 of the Dungeon.
             The game lasted 00:01:38 (936 turns).

LLavrengius the Charlatan (Gnoll Artificer)          Turns: 936, Time: 00:01:39

Health: -9/28      AC:  3    Str: 15    XL:     3   Next: 20%
Magic:  7/7        EV: 14    Int: 13    God:
Gold:   25         SH:  0    Dex: 15    Spells: 3/3 levels left

rFire    . . .     SeeInvis .   a - +0 short sword
rCold    . . .     Gourm    .   (no shield)
rNeg     . . .     Faith    .   b - +0 leather armour
rPois    .         Spirit   .   (no helmet)
rElec    .         Reflect  .   (no cloak)
rCorr    .         Harm     .   (no gloves)
MR       .....                  (no boots)
Stlth    ++........             (no amulet)
HPRegen  0.09/turn              (no ring)
MPRegen  0.10/turn              (no ring)

@: no status effects
A: distributed training, fangs 1, strong nose
a: no special abilities


You were on level 2 of the Dungeon.
You were not hungry.

You visited 1 branch of the dungeon, and saw 2 of its levels.

You collected 25 gold pieces.

Inventory:

Hand Weapons
 a - a +0 short sword (weapon)
Armour
 b - a +0 leather armour (worn)
Wands
 c - a wand of flame (15)
 d - a wand of enslavement (15)
 e - a wand of random effects (15)
Scrolls
 h - a scroll of remove curse {unknown}
 i - a scroll of blinking {unknown}
 j - 2 scrolls of identify {unknown}
 l - a scroll of teleportation {unknown}
Potions
 g - a potion of brilliance {unknown}
 k - a potion of haste {unknown}
Comestibles
 f - 2 rations


   Skills:
 + Level 2.5 Fighting
 + Level 2.5 Short Blades
 + Level 0.6 Long Blades
 + Level 0.6 Axes
 + Level 0.6 Maces & Flails
 + Level 0.6 Polearms
 + Level 0.6 Staves
 + Level 0.6 Slings
 + Level 0.6 Bows
 + Level 0.6 Crossbows
 + Level 0.6 Throwing
 + Level 0.6 Armour
 + Level 4.5 Dodging
 + Level 2.3 Stealth
 + Level 0.6 Shields
 + Level 0.6 Unarmed Combat
 + Level 0.6 Spellcasting
 + Level 0.4 Conjurations
 + Level 0.4 Hexes
 + Level 0.4 Charms
 + Level 0.4 Summonings
 + Level 0.4 Necromancy
 + Level 0.4 Translocations
 + Level 0.4 Transmutations
 + Level 0.4 Fire Magic
 + Level 0.4 Ice Magic
 + Level 0.4 Air Magic
 + Level 0.4 Earth Magic
 + Level 0.4 Poison Magic
 + Level 0.8 Invocations
 + Level 6.5 Evocations


You had 3 spell levels left.
You didn't know any spells.
Your spell library was empty.

Dungeon Overview and Level Annotations

Branches:
Dungeon (2/15)

Altars:
Ashenzari


Innate Abilities, Weirdness & Mutations

Your experience applies equally to all skills.
You have very sharp teeth.
Your uncanny sense of smell can sniff out nearby items.


Message History

Found a stone staircase leading down.
The centaur shouts!
The centaur wields a +0 shortbow.
The centaur shoots an arrow.
The arrow barely misses you.
Things that are here:
an arrow; 3 scrolls labeled MARUAFE DAFU The goblin shouts!
You hit the goblin.
The goblin is heavily wounded.
You hear an angry hiss.
The centaur shoots an arrow.
The arrow closely misses you.
The centaur shoots an arrow.
The arrow hits you! The goblin barely misses you.
You hit the goblin.
You kill the goblin!
A bat comes into view.
The centaur shoots an arrow.
The arrow hits you!
You see here an arrow.
The centaur shoots an arrow.
The arrow hits you!!
Ouch! That really hurt!
You die...

.##.# #.#.# #.#.####
####### #...... .......
.... ..... # #######
...# #..b ... #...# #..#
.... ### #...#
#.@##>..#. ..# #...#
#((....c.. #.# ##...#
#..##...#. #.#
#....####.......#
#.#####.#...............
#..........####.###.....
#.######................
#.# ##.............. #.#
##...........".


You could see a centaur and a bat.

Vanquished Creatures
  3 dart slugs
  2 leopard geckos
  2 giant cockroaches
  4 goblins
  2 hobgoblins (D:1)
  A ball python (D:1)
  2 bats (D:2)
  5 kobolds
  A rat (D:1)
22 creatures vanquished.

Notes
Turn   | Place    | Note
-------+----------+-------------------------------------------
     0 | D:1      | LLavrengius the Gnoll Artificer began the quest for the
                  | Orb.
     0 | D:1      | Reached XP level 1. HP: 17/17 MP: 4/4
    93 | D:1      | Reached XP level 2. HP: 19/23 MP: 6/6
   741 | D:2      | Found a shattered altar of Ashenzari.
   748 | D:2      | Reached XP level 3. HP: 22/28 MP: 7/7
   928 | D:2      | Noticed a centaur
   936 | D:2      | Shot with an arrow by a centaur

Vault maps used:
D:1:      saegor_arrival_simple_c
D:2:      nicolae_ashenzari_panopticon, amethyst_overflow_temple_binary

Action                   || total
-------------------------++-------
Melee: Short sword       ||    83
       Bite              ||    11
 Stab: Sleeping          ||     2
Armor: Leather armour    ||    14
Dodge: Dodged            ||    79

Table legend:
 A = Non-vault XP
 B = Vault XP
 C = Vault XP percentage of total XP
 D = Non-vault monster count
 E = Vault monster count
 F = Vault count percentage of total count
                 A         B        C        D         E       F
            +---------+---------+-------+---------+---------+-------
      Total |      44 |       0 |   0.0 |      22 |       0 |   0.0
            +---------+---------+-------+---------+---------+-------
        D:1 |      25 |       0 |   0.0 |      12 |       0 |   0.0
        D:2 |      19 |       0 |   0.0 |      10 |       0 |   0.0
            +---------+---------+-------+---------+---------+-------
